 Dungeon Crawl Stone Soup version 0.31-a0-14-gc80a10f4b6 (webtiles) character file.

Game seed: 7982819353130079012

3360 Morbidden the Ruffian (level 9, -1/126 HPs)
             Began as a Troll Fighter on May 7, 2023.
             Was a Believer of Cheibriados.
             Slain by Psyche
             ... wielding a +3 dagger of chaos
              (13 damage)
             ... on level 8 of the Dungeon on May 8, 2023.
             The game lasted 00:08:31 (6713 turns).

Morbidden the Ruffian (Troll Fighter)               Turns: 6713, Time: 00:08:31

Health: -1/126     AC:  0    Str: 35    XL:     9   Next: 73%
Magic:  11/11      EV: 16    Int: 14    God:    Cheibriados [**....]
Gold:   476        SH:  0    Dex: 15    Spells: 4/12 levels left

rFire   . .          .
                       - Unarmed
rCold   . . .        b - melded +0 kite shield
rNeg    . . .        a - melded +0 robe
rPois   .            (helmet currently unavailable)
rElec   .            p - melded +2 cloak {Stlth+}
rCorr   .            (gloves unavailable)
SInv    .            (boots unavailable)
Will    .....        w - amulet "Miplueru" {Faith Str+3}
Stlth   x              - melded ring of magical power
HPRegen 1.21/turn    y - melded ring of protection from fire
MPRegen 0.12/turn

%: faith
@: confused, berserking, pig-form, very slow
A: fast, no casting, small, unfitting armour, (claws 3), regeneration 1, (shaggy
fur 1), (tough skin 1)
a: Renounce Religion, Bend Time


You were on level 8 of the Dungeon.
You worshipped Cheibriados.
Cheibriados was pleased with you.
You were a filthy swine.
You visited 2 branches of the dungeon, and saw 9 of its levels.

You collected 476 gold pieces.

Inventory:

Missiles
 j - 17 poisoned darts (quivered)
 s - 88 stones
 G - 3 silver boomerangs
Armour
 a - a +0 robe (melded)
 b - a +0 kite shield (melded)
 p - a +2 cloak of stealth (melded)
Jewellery
 e - an amulet of magic regeneration
 w - the amulet "Miplueru" (around neck) {Faith Str+3}
   (You found it on level 4 of the Dungeon)

   [amulet of faith]

   It allows you to gain divine favour quickly.
   Str:       It affects your strength (+3).
 x - a ring of magical power (melded)
 y - a ring of protection from fire (melded)
 A - a ring of positive energy
 D - an amulet of guardian spirit
Wands
 o - a wand of polymorph (3)
 t - a wand of paralysis (15)
Scrolls
 f - a scroll of vulnerability
 g - a scroll of enchant armour {unknown}
 k - 4 scrolls of noise
 l - 8 scrolls of identify
 m - a scroll of butterflies {unknown}
 n - a scroll of enchant weapon {unknown}
 q - a scroll of teleportation
 u - 3 scrolls of brand weapon {unknown}
 z - a scroll of immolation {unknown}
 F - a scroll of magic mapping {unknown}
 I - a scroll of blinking {unknown}
Potions
 c - 3 potions of might
 d - 2 potions of berserk rage
 h - 2 potions of degeneration {unknown}
 i - 3 potions of attraction {unknown}
 r - 4 potions of curing {unknown}
 v - a potion of heal wounds {unknown}
 B - 2 potions of mutation {unknown}
 C - a potion of brilliance {unknown}
 E - a potion of flight {unknown}
 H - 2 potions of cancellation {unknown}


   Skills:
 * Level 3.7 Fighting
 * Level 2.7 Throwing
 * Level 3.1 Armour
 * Level 4.5 Dodging
 + Level 1.2 Stealth
 * Level 5.4 Shields
 * Level 7.0 Unarmed Combat
 * Level 2.3 Spellcasting
 * Level 2.1 Conjurations
 * Level 1.9 Air Magic
 * Level 1.9 Invocations
 * Level 1.8 Evocations


You had 4 spell levels left.
You knew the following spells:

 Your Spells              Type           Power      Damage    Failure   Level
a - Vhi's Electric Charg  Tloc/Air       8%         N/A       43%         3
z - Arcjolt               Conj/Air       3%         1d13      95%         5

Your spell library contained the following spells:

 Spells                   Type           Power      Damage    Failure   Level
 Apportation              Tloc           2%         N/A       22%         1
 Necrotise                Necr           4%         1d4       22%         1
 Summon Small Mammal      Summ           4%         N/A       22%         1
 Gell's Gravitas          Tloc           1%         N/A       56%         3
 Teleport Other           Tloc           1%         N/A       56%         3
 Tukima's Dance           Hex            1%         N/A       56%         3
 Passage of Golubria      Tloc           1%         N/A       92%         4
 Yara's Violent Unravell  Hex/Tmut       0%         3d3       99%         5
 Dispersal                Tloc           0%         N/A       100%        6
 Maxwell's Capacitive Co  Air            3%         ∞         100%        8


Dungeon Overview and Level Annotations

Branches:
Dungeon (8/15)             Temple (1/1) D:5            Lair (0/5) D:8

Altars:
Ashenzari
Cheibriados
Dithmenos
Elyvilon
Fedhas
Gozag
Hepliaklqana
Makhleb
Nemelex Xobeh
Okawaru
Qazlal
Ru
Sif Muna
Trog
Uskayaw
Vehumet
Wu Jian
Xom
Yredelemnul
Zin
The Shining One

Annotations:
D:8 Psyche


Innate Abilities, Weirdness & Mutations

You are a filthy swine.
You move quickly.
Your equipment is almost entirely melded.
You are incapable of wielding weapons or throwing items.
You cannot cast spells.
You are too large for most types of armour.
((You have claws for hands.))
Your natural rate of healing is unusually fast.
((You are covered in fur. (AC +1)))
((You have tough skin. (AC +1)))


Message History

Nothing appears to happen.
You feel sick.
You hear some strange, mumbled words.
Something hits you!
* * * LOW HITPOINT WARNING * * *
Unknown command.
Unknown command.
Unknown command.
Unknown command.
Found a stone staircase leading down.
You feel sick.
Things that are here:
a +5 dire flail; a +0 robe Unknown command.
It was a potion of berserk rage.
A red film seems to cover your vision as you go berserk!
Cheibriados protects you from inadvertent hurry.
You feel mighty!
You feel sick. Something hits you.
* * * LOW HITPOINT WARNING * * *
Something tries to affect you, but you resist.
Something hits you.
* * * LOW HITPOINT WARNING * * *
You are confused.
Unknown command.
Unknown command.
Unknown command.
Unknown command.
Something completely misses you.
You feel a strong urge to attack something.
Unknown command.
You miss something.
You feel sick. Something hits you.
* * * LOW HITPOINT WARNING * * *
Something freezes you.
* * * LOW HITPOINT WARNING * * *
Unknown command.
You barely miss something.
You feel sick.
You are no longer poisoned.
Something closely misses you.
Unknown command.
Unknown command.
You miss something. Something barely misses you. Something hits you!
You die...

#..#####....#
..<....#....############
###.....................
.....♣♣♣♣..≈≈≈≈.._..≈≈≈≈
###.....................
.....#.#####.........).>
.#.....#####............
.#.####...##............
##.#......+.^...h.......
...#.##...###+#){.......
####.########.#)#.......
...#.# #...#.....#.####
##.#.# #....##.#.#.#
##+#.# #.#...#.#...#
#....#######[.#.#####
#.............#.#
#...#########.#.#


There were no monsters in sight!

Vanquished Creatures
  A komodo dragon (D:8)
  Sigmund (D:2)
  A water moccasin (D:6)
  3 sky beasts
  2 orc warriors (D:8)
  2 ogres (D:5)
  A black bear (D:6)
  2 phantoms (D:5)
  2 bullfrogs (D:8)
  6 scorpions
  12 wights
  3 howler monkeys (D:8)
  4 orc priests
  5 hounds
  Crazy Yiuf (D:2)
  A jelly (D:5)
  Terence (D:2)
  A gnoll bouda (D:7)
  2 iguanas
  9 gnolls
  9 adders
  A white imp (D:5)
  An ufetubus (D:6)
  2 worms (D:2)
  2 dart slugs
  14 orcs
  7 ball pythons
  5 bats
  5 endoplasms
  5 giant cockroaches
  3 goblins
  7 hobgoblins
  7 jackals
  9 kobolds
  7 quokkas
  2 frilled lizards
  7 rats
153 creatures vanquished.

Vanquished Creatures (others)
  A sky beast (D:8)
  An orc wizard (D:8)
  18 fungi
  27 plants
47 creatures vanquished.

Grand Total: 200 creatures vanquished

Notes
Turn   | Place    | Note
-------+----------+-------------------------------------------
     0 | D:1      | Morbidden the Troll Fighter began the quest for the Orb.
     0 | D:1      | Reached XP level 1. HP: 22/22 MP: 0/0
   187 | D:1      | Reached XP level 2. HP: 24/29 MP: 1/1
   639 | D:1      | Reached XP level 3. HP: 35/36 MP: 2/2
  1015 | D:2      | Noticed Terence
  1021 | D:2      | Killed Terence
  1022 | D:2      | Reached skill level 1 in Armour
  1022 | D:2      | Reached skill level 3 in Unarmed Combat
  1022 | D:2      | Reached XP level 4. HP: 44/44 MP: 3/3
  1152 | D:2      | Identified the +7 dagger of Reaff {venom, Str+3}
  1336 | D:2      | Noticed Sigmund
  1348 | D:2      | Killed Sigmund
  1349 | D:2      | Reached XP level 5. HP: 29/52 MP: 4/4
  1556 | D:2      | Learned a level 5 spell: Arcjolt
  1672 | D:2      | Found a runed translucent door.
  1673 | D:2      | Noticed Crazy Yiuf
  1790 | D:2      | Killed Crazy Yiuf
  1791 | D:2      | Reached XP level 6. HP: 51/59 MP: 4/6
  2287 | D:3      | Found a blossoming altar of Fedhas.
  2525 | D:3      | Found a faded altar of an unknown god.
  2714 | D:4      | Reached skill level 4 in Unarmed Combat
  2802 | D:4      | Identified the amulet "Miplueru" {Faith Str+3}
  3328 | D:5      | Entered Level 5 of the Dungeon
  3424 | D:5      | Reached skill level 1 in Spellcasting
  3503 | D:5      | Reached XP level 7. HP: 56/67 MP: 7/7
  3587 | D:5      | Found a staircase to the Ecumenical Temple.
  3730 | Temple   | Entered the Ecumenical Temple
  4003 | D:5      | Found a snail-covered altar of Cheibriados.
  4016 | D:5      | Reached skill level 1 in Throwing
  4023 | D:5      | Became a worshipper of Cheibriados the Contemplative
  4028 | D:5      | Found a white marble altar of Elyvilon.
  4166 | D:5      | Reached skill level 5 in Unarmed Combat
  4248 | D:5      | Reached skill level 1 in Air Magic
  4530 | D:5      | Reached skill level 1 in Conjurations
  4530 | D:5      | Reached XP level 8. HP: 28/75 MP: 9/9
  4636 | D:6      | Reached skill level 1 in Evocations
  4691 | D:6      | Learned a level 3 spell: Vhi's Electric Charge
  4788 | D:6      | Found a shimmering altar of Xom.
  4882 | D:6      | Reached * piety under Cheibriados
  5249 | D:7      | Reached skill level 1 in Invocations
  5425 | D:7      | Reached skill level 6 in Unarmed Combat
  5800 | D:7      | Reached skill level 1 in Stealth
  5971 | D:8      | Reached XP level 9. HP: 75/83 MP: 10/10
  5972 | D:8      | Reached ** piety under Cheibriados
  6365 | D:8      | Noticed a komodo dragon
  6374 | D:8      | Killed a komodo dragon
  6375 | D:8      | Reached skill level 5 in Shields
  6437 | D:8      | Found a staircase to the Lair.
  6514 | D:8      | Upgraded the game from 0.31-a0-8-gd14b0f4ee2 to
                  | 0.31-a0-14-gc80a10f4b6
  6691 | D:8      | Noticed Psyche
  6693 | D:8      | Found a burning altar of Makhleb.
  6695 | D:8      | Reached skill level 7 in Unarmed Combat
  6713 | D:8      | Slain by Psyche

Illustrated notes

Levels and vault maps discovered:
D:1:      nagdon_arrival_double_spiral, layout_basic, serial_forest,
          infiniplex_forest_straight_4, infiniplex_forest_corner_1,
          infiniplex_forest_clump_small, infiniplex_forest_straight_2,
          infiniplex_forest_straight_4, infiniplex_forest_end_1,
          infiniplex_forest_clump_small, infiniplex_forest_end_1,
          infiniplex_forest_end_2
D:2:      layout_basic, minmay_split_cup_large, uniq_sigmund, uniq_terence,
          uniq_crazy_yiuf_cottage
D:3:      layout_basic, mainiacjoe_overflow_alcove_2, basic_ecumenical_altar,
          minmay_misc_feat_tiny
D:4:      layout_basic
D:5:      minmay_angry_zag, layout_basic, nicolae_elyvilon_temple_path,
          cheibriados_altar_1, minmay_temple_entry_poolview
D:6:      layout_basic, lemuel_round_altar
D:7:      layout_loops_cross
D:8:      layout_basic, mainiacjoe_overflow_boulevard,
          grunt_lair_entry_orc_guard_hut, grunt_livestock, hex_large,
          minmay_tree_intersection, uniq_maggie, uniq_psyche
Temple:   minmay_temple_bridge_d

Skill      XL: |  1  2  3  4  5  6  7  8  9 |
---------------+----------------------------+-----
Shields        | 3 4 5 |  5.4
Armour         | 1 2 3 |  3.1
Unarmed Combat | 3 4 5 6 7 |  7.0
Dodging        | 3 4 |  4.5
Fighting       | 3 |  3.7
Spellcasting   | 1 2 |  2.3
Throwing       | 1 2 |  2.7
Air Magic      | 1 |  1.9
Conjurations   | 1 2 |  2.1
Evocations     | 1 |  1.8
Invocations    | 1 |  1.9
Stealth        | 1 |  1.2

Action                     |  1- 3 |  4- 6 |  7- 9 || total
---------------------------+-------+-------+-------++-------
  Melee: Unarmed           |   101 |   196 |   241 ||   538
  Throw: Dart              |       |     3 |    23 ||    26
  Evoke: Wand              |       |       |     2 ||     2
    Use: Scroll            |       |       |     4 ||     4
         Potion            |       |       |     1 ||     1
   Stab: Sleeping          |       |     5 |     4 ||     9
 Armour: Robe              |    39 |    58 |    51 ||   148
  Dodge: Dodged            |    38 |    50 |    74 ||   162
  Block: Kite shield       |    44 |    65 |   102 ||   211

Table legend: (Time is in decaauts)
 A = Elapsed time spent in this place.
 B = Non-inter-level travel time spent in this place.
 C = Inter-level travel time spent in this place.
 D = Time resting spent in this place.
 E = Time spent auto-exploring this place.
 F = Levels seen in this place.
 G = Mean time per level.
                   A        B        C        D        E       F      G
               +--------+--------+--------+--------+--------+-----+--------+
         Total |   7416 |   7047 |    369 |    195 |   5601 |   9 |  824.0 |
       Dungeon |   7184 |   6823 |    361 |    195 |   5388 |   8 |  898.0 |
        Temple |    231 |    223 |      8 |      0 |    213 |   1 |  231.0 |
               +--------+--------+--------+--------+--------+-----+--------+

Top non-repeatable levels by time:
     D:5: 1193 daAuts
     D:2: 1109 daAuts
     D:8: 940 daAuts
     D:7: 938 daAuts
     D:1: 925 daAuts
     D:6: 780 daAuts
     D:3: 673 daAuts
     D:4: 623 daAuts
  Temple: 231 daAuts
